 Dungeon Crawl Stone Soup version 0.32-a0-918-g0f22ef8d61 (webtiles) character file.

Game seed: 906999773729628801

3028 HilariousDeathArtist the Prestidigitator (level 9, -5/69 HPs)
             Began as a Coglin Brigand on Apr 10, 2024.
             Was a Priest of Zin.
             Slain by a yak (13 damage)
             ... on level 8 of the Dungeon.
             The game lasted 00:07:42 (6933 turns).

HilariousDeathArtist the Prestidigitator (CoBr)     Turns: 6933, Time: 00:07:43

Health: -5/69      AC: 11    Str: 14    XL:     9   Next: 85%
Magic:  9/9        EV:  9    Int: 11    God:    Zin [***...]
Gold:   127        SH:  0    Dex: 17    Spells: 8/8 levels left

rFire   + + .        H - +6 flail (flame) {Publia}
rCold   . . .        x - +6 shillelagh "Devastator" {shatter}
rNeg    . . .        o - +2 ring mail of the Cursing Gods {rF++}
rPois   .            p - +1 helmet
rElec   .            c - +0 cloak
rCorr   .            v - +0 pair of gloves
SInv    .            (no boots)
Will    .....        (amulet unavailable)
Stlth   ++           (ring unavailable)
HPRegen 0.31/turn    (ring unavailable)
MPRegen 0.11/turn    (no gizmo)

%: no passive effects
@: about to teleport, weak-willed, spiked
A: off-hand wielding, slow wielding, warmup strikes, no jewellery
a: Invent Gizmo, Renounce Religion, Recite, Vitalisation, Imprison, Donate Gold


You were on level 8 of the Dungeon.
You worshipped Zin.
Zin was most pleased with you.
You visited 1 branch of the dungeon, and saw 8 of its levels.

You collected 251 gold pieces.
You spent 99 gold pieces at shops.
You donated 25 gold pieces to Zin.

Inventory:

Hand Weapons
 a - a +2 dagger {Svenja}
 f - a +0 dagger {Nenetl}
 j - a +1 vampiric short sword {Illuratum}
   (You took it off a kobold on level 1 of the Dungeon)
 x - the +6 shillelagh "Devastator" (offhand) {shatter}
   (You found it on level 4 of the Dungeon)
 A - a +1 whip of freezing {Branko}
   (You took it off Pikel on level 5 of the Dungeon)
 F - a +2 long sword of protection {Ntombi}
   (You took it off an orc warrior on level 7 of the Dungeon)
 G - a +4 war axe
   (You took it off a wight on level 7 of the Dungeon)
 H - a +6 flail of flaming (weapon) {Publia}
   (You took it off a wight on level 7 of the Dungeon)
Missiles
 d - 19 poisoned darts
 e - 3 curare-tipped darts
 h - 4 silver javelins
 s - 73 stones
 L - 3 atropa-tipped darts
Armour
 c - a +0 cloak (worn)
 o - the +2 ring mail of the Cursing Gods (worn) {rF++}
   (You found it on level 5 of the Dungeon)

   rF++:      It greatly protects you from fire.
 p - a +1 helmet (worn)
   (You found it on level 2 of the Dungeon)
 t - a +1 robe of positive energy
   (You found it on level 3 of the Dungeon)
 v - a +0 pair of gloves (worn)
   (You bought it in a shop on level 4 of the Dungeon)
Wands
 i - a wand of iceblast (8)
   (You found it on level 4 of the Dungeon)
 q - a wand of flame (7)
   (You found it on level 7 of the Dungeon)
 y - a wand of mindburst (8)
   (You took it off a hobgoblin on level 3 of the Dungeon)
Scrolls
 k - 4 scrolls of identify {unknown}
 m - a scroll of fog
 n - 2 scrolls of poison {unknown}
 r - 2 scrolls of blinking {unknown}
 w - 2 scrolls of enchant armour {unknown}
 C - a scroll of amnesia {unknown}
 E - a scroll of silence {unknown}
 K - a scroll of immolation {!r}
 V - 2 scrolls of vulnerability {!r!r}
Potions
 g - a potion of haste {unknown}
 l - 2 potions of degeneration {!q}
 B - a potion of brilliance
 I - a potion of lignification {unknown}
 J - 3 potions of curing {@q1}
 R - a potion of resistance


   Skills:
 - Level 6.0 Fighting
 - Level 1.7 Short Blades
 + Level 7.3 Maces & Flails
 - Level 1.7 Throwing
 - Level 0.8 Dodging
 - Level 3.2 Stealth
 + Level 11.6 Evocations


You had 8 spell levels left.
You didn't know any spells.
Your spell library contained the following spells:

 Spells                   Type           Power      Damage    Failure   Level
 Sandblast                Erth           0%         2d4       58%         1
 Stone Arrow              Conj/Erth      0%         3d7       91%         3
 Brom's Barrelling Bould  Conj/Erth      0%         2d3       100%        4


Dungeon Overview and Level Annotations

Branches:
Dungeon (8/15)             Temple (0/1) D:4
   Lair: D:8-11

Altars:
Makhleb
Ru
Trog
Vehumet
Zin

Shops:
D:4 [


Innate Abilities, Weirdness & Mutations

You can wield a second weapon in your off-hand.
It takes a long time for you to wield or remove held weapons.
Your first few attacks do less damage.
You cannot equip rings or amulets.


Message History

You thump something with the +6 shillelagh "Devastator"!
Reactivating autopickup.
You feel a bit more experienced.
Items here: )) [[.
Items here: )) [[.
Things that are here:
a +0 hand axe; an orc corpse You see here a +0 whip.
There is an open door here.
There is an open door here.
There is an open door here.
There is a stone staircase leading up here.
There is an open door here.
There is an open door here.
Done exploring.
Done exploring.
Done exploring.
Done exploring.
There is a stone staircase leading down here.
You climb downwards.
You hear the roar of battle.
There is an entrance to a bailey on this level.
Hurry and find it before the portal closes forever!
Found 16 gold pieces, a scroll labelled GURE OGAORYUFA and a potion of curing.
Found a stone staircase leading down.
There is a stone staircase leading up here.
Unknown command.
The bullfrog croaks.
The bullfrog completely misses you.
The bullfrog hits you but does no damage.
A sleepcap comes into view.
You thump the bullfrog with your +6 flail!
You thump the bullfrog with the +6 shillelagh "Devastator"!
The bullfrog shudders.
You kill the bullfrog!
You see here a bullfrog corpse.
The sleepcap barely misses you.
You sock the sleepcap with your +6 flail!
You hit the sleepcap with the +6 shillelagh "Devastator".
The sleepcap shudders.
The sleepcap releases spores at you but does no damage.
A yak comes into view.
The yak bellows!
You hit the sleepcap with your +6 flail.
You thump the sleepcap with the +6 shillelagh "Devastator"!
You destroy the sleepcap!
You hear a bellow! x2
A manticore comes into view.
A yak comes into view.
A yak comes into view.
The manticore flicks its tail.
The volley of spikes skewers you!
Barbed spikes become lodged in your body.
The yak gores you!
You take 18 damage, and have 51/69 hp.
MASSIVE DAMAGE!!
As you read the scroll labelled BETAEC LO CEZU, it crumbles to dust.
It is a scroll of brand weapon.
Your +6 flail {Publia} is engulfed in flames!
H - a +6 flail of flaming (weapon)
{Publia} The yak bellows!
You hear a bellow! x2
A yak comes into view. x2
The yak gores you!
You take 7 damage, and have 44/69 hp.
As you read the scroll labelled BUSONO GELERE, it crumbles to dust.
A wave of despondency washes over your surroundings.
It was a scroll of vulnerability.
V - 2 scrolls of vulnerability The manticore flicks its tail.
The volley of spikes skewers you.
More barbed spikes become lodged in your body.
The yak gores you but does no damage.
A yak comes into view.
You take 5 damage, and have 39/69 hp.
As you read the scroll labelled DOUPIO JIHAUSCH, it dissolves into smoke.
It was a scroll of fog.
The yak gores you!
You take 8 damage, and have 31/69 hp.
As you read the scroll labelled DYEKLA YCSEG, it crumbles to dust.
You feel aware of your surroundings.
You sensed 1 shop/portal.
It was a scroll of revelation.
The yak completely misses you.
As you read the scroll labelled GAOMUJ NOI, it crumbles to dust.
The creatures around you are filled with an inner flame!
It was a scroll of immolation.
K - a scroll of immolation;
g - a lumpy inky potion The yak gores you!
The yak barely misses you.
You take 8 damage, and have 24/69 hp.
As you read the scroll labelled KOMOOSE GEMINO, it crumbles to dust.
You feel strangely unstable.
It was a scroll of teleportation.
The manticore bites you but does no damage.
The manticore claws you.
The manticore claws you but does no damage.
The yak gores you. The yak gores you!
* * * LOW HITPOINT WARNING * * *
You take 14 damage, and have 10/69 hp.
MASSIVE DAMAGE!!
Okay, then.
You feel better. The manticore barely misses you. The manticore claws you!
* * * LOW HITPOINT WARNING * * *
The manticore barely misses you. The yak gores you!
You die...

,*,***,,,,,,,,***,,,,,,,,,,,,*
,****,.........####.....,**,,* ,*
**#.#.......##......,**,,* ,*
###.................,*,,,****
,*###..............:....,,,,,*,,*
,.....................[.,,,,,,,,,
........?......§§§.../..,,*,,,,,,
..............§§HY§.Y...,,,,,,,,,
..............§§@YY§YY..,,,,,,,,,
...........†..§§YY§..###,,,,,,,*,
.....>.......$§§§§######,,,*****,
...............##.######*,,* *,
...............#########**** **
.......<......##########
............############
............############
#..........##


You could see a manticore (inner flame, weak-willed) and 5 yaks.

Vanquished Creatures
  Pikel (D:5)
  A steam dragon (D:7)
  2 water moccasins
  2 orc warriors
  2 ice beasts (D:6)
  2 black bears (D:6)
  A sky beast (D:7)
  2 ogres
  A phantom (D:6)
  4 lemures (D:5)
  2 bullfrogs
  3 wights (D:7)
  5 orc priests
  3 hounds
  An iron imp (D:7)
  2 bombardier beetles
  3 sleepcaps
  5 iguanas
  10 orc wizards
  Robin (D:4)
  6 adders
  11 gnolls
  A shadow imp (D:7)
  A white imp (D:6)
  2 dart slugs
  2 ribbon worms
  14 orcs
  8 ball pythons
  3 endoplasms
  4 giant cockroaches
  7 hobgoblins
  9 jackals
  2 quokkas
  4 bats
  4 frilled lizards
  16 goblins
  4 kobolds
  7 rats
158 creatures vanquished.

Notes
Turn   | Place    | Note
-------+----------+-------------------------------------------
     0 | D:1      | HilariousDeathArtist the Coglin Brigand began the quest for
                  | the Orb.
     0 | D:1      | Reached XP level 1. HP: 16/16 MP: 1/1
   285 | D:1      | Reached XP level 2. HP: 23/23 MP: 2/2
   389 | D:1      | Reached skill level 3 in Fighting
   698 | D:2      | Reached XP level 3. HP: 29/29 MP: 3/3
   875 | D:2      | Found a faded altar of an unknown god.
   923 | D:2      | Prayed at the altar of an unknown god.
   923 | D:2      | Became a worshipper of Zin the Law-Giver
   923 | D:2      | Reached * piety under Zin
   952 | D:2      | Reached skill level 4 in Fighting
   953 | D:2      | Reached ** piety under Zin
  1124 | D:2      | Reached XP level 4. HP: 31/37 MP: 4/4
  1745 | D:3      | Reached skill level 5 in Fighting
  1745 | D:3      | Reached XP level 5. HP: 34/44 MP: 5/5
  2362 | D:3      | Reached skill level 6 in Fighting
  2859 | D:4      | HP: 11/46 [iguana (10)]
  2861 | D:4      | HP: 3/46 [iguana (8)]
  2863 | D:4      | Reached skill level 1 in Evocations
  2863 | D:4      | Reached XP level 6. HP: 4/52 MP: 6/6
  3064 | D:4      | Found Awekaqut's Antique Armour Shop.
  3069 | D:4      | Bought a pair of gloves for 99 gold pieces
  3101 | D:4      | Found a bloodstained altar of Trog.
  3102 | D:4      | Found a staircase to the Ecumenical Temple.
  3140 | D:4      | Reached skill level 2 in Evocations
  3176 | D:4      | Reached skill level 3 in Evocations
  3303 | D:4      | Found the +6 shillelagh "Devastator" {shatter}
  3315 | D:4      | HP: 9/52 [ogre/+0 giant club (34)]
  3319 | D:4      | Reached skill level 5 in Evocations
  3319 | D:4      | Reached XP level 7. HP: 11/58 MP: 7/7
  3720 | D:4      | Found a radiant altar of Vehumet.
  3785 | D:4      | Noticed Robin
  3797 | D:4      | Killed Robin
  3904 | D:4      | Reached skill level 1 in Maces & Flails
  3939 | D:5      | Entered Level 5 of the Dungeon
  3953 | D:5      | HP: 5/58 [orc priest/divine providence (14)]
  4172 | D:5      | Reached skill level 2 in Maces & Flails
  4172 | D:5      | Reached skill level 6 in Evocations
  4269 | D:5      | Identified the +2 ring mail of the Cursing Gods {rF++}
  4313 | D:5      | Noticed Pikel
  4326 | D:5      | Killed Pikel
  4327 | D:5      | Reached skill level 4 in Maces & Flails
  4327 | D:5      | Reached skill level 8 in Evocations
  4327 | D:5      | Reached XP level 8. HP: 47/64 MP: 8/8
  5008 | D:6      | Reached skill level 9 in Evocations
  5068 | D:6      | Reached skill level 5 in Maces & Flails
  5120 | D:6      | Reached XP level 9. HP: 69/69 MP: 9/9
  5461 | D:6      | Reached skill level 10 in Evocations
  5637 | D:6      | Reached skill level 6 in Maces & Flails
  5940 | D:7      | Found a sacrificial altar of Ru.
  5981 | D:7      | Reached *** piety under Zin
  6241 | D:7      | Reached skill level 11 in Evocations
  6464 | D:7      | Found a burning altar of Makhleb.
  6638 | D:7      | Reached skill level 7 in Maces & Flails
  6924 | D:8      | Noticed a manticore
  6932 | D:8      | HP: 10/69 [yak (11)]
  6933 | D:8      | Slain by a yak

Illustrated notes

Levels and vault maps discovered:
D:1:      psy_arrival_spokes, layout_rooms, st_stairs_5, glass_columns_a,
          dk_noncrumbling_4, minmay_pentomino_r4
D:2:      layout_basic, ebering_ecumenical_altar_box
D:3:      layout_basic, minmay_close_crescents
D:4:      layout_loops_ring, mainiacjoe_overflow_alcove_1,
          overflow_temple_1_default, minmay_temple_entry_slanted, serial_shops,
          nicolae_shop_tiny_statue_garden, dilly_guarded_unrand_devastator,
          uniq_robin
D:5:      layout_basic, minmay_door_square, uniq_pikel
D:6:      layout_loops_ring, lightli_minifort
D:7:      layout_basic, nicolae_ru_path_of_blood, demons_altar
D:8:      layout_cave_pools, enter_bailey_3, minmay_misc_feat_tower

Skill      XL: |  1  2  3  4  5  6  7  8  9 |
---------------+----------------------------+-----
Fighting       | 3 4 5 6 |  6.0
Evocations     | 1 5 8 9 11 | 11.6
Maces & Flails | 4 5 7 |  7.3
Short Blades   | |  1.7
Throwing       | |  1.7
Dodging        | |  0.8
Stealth        | |  3.2

Action                     |  1- 3 |  4- 6 |  7- 9 || total
---------------------------+-------+-------+-------++-------
  Melee: Dagger            |    99 |   356 |    19 ||   474
         Short sword       |    39 |       |       ||    39
         Shillelagh        |       |       |   112 ||   112
         Whip              |       |       |    44 ||    44
         Flail             |       |       |    18 ||    18
         Long sword        |       |       |     7 ||     7
  Throw: Stone             |    23 |     6 |       ||    29
         Dart              |       |    14 |     6 ||    20
         Javelin           |       |     1 |       ||     1
 Invoke: Recite            |       |     3 |       ||     3
  Evoke: Wand              |       |     4 |     1 ||     5
    Use: Potion            |       |     3 |     2 ||     5
         Scroll            |       |       |     6 ||     6
   Stab: Sleeping          |       |    13 |     4 ||    17
         Distracted        |       |       |     1 ||     1
 Armour: Robe              |    45 |   139 |    23 ||   207
         Ring mail         |       |       |    71 ||    71
  Dodge: Dodged            |    44 |    88 |    51 ||   183

Table legend: (Time is in decaauts)
 A = Elapsed time spent in this place.
 B = Non-inter-level travel time spent in this place.
 C = Inter-level travel time spent in this place.
 D = Time resting spent in this place.
 E = Time spent auto-exploring this place.
 F = Levels seen in this place.
 G = Mean time per level.
                   A        B        C        D        E       F      G
               +--------+--------+--------+--------+--------+-----+--------+
         Total |   6909 |   6724 |    185 |    178 |   5460 |   8 |  863.6 |
       Dungeon |   6909 |   6724 |    185 |    178 |   5460 |   8 |  863.6 |
               +--------+--------+--------+--------+--------+-----+--------+

Top non-repeatable levels by time:
     D:3: 1368 daAuts
     D:4: 1366 daAuts
     D:7: 1051 daAuts
     D:6: 891 daAuts
     D:5: 818 daAuts
     D:2: 704 daAuts
     D:1: 690 daAuts
     D:8: 18 daAuts

Levels and vault maps discovered:
D:1:      psy_arrival_spokes, layout_rooms, st_stairs_5, glass_columns_a,
          dk_noncrumbling_4, minmay_pentomino_r4
D:2:      layout_basic, ebering_ecumenical_altar_box
D:3:      layout_basic, minmay_close_crescents
D:4:      layout_loops_ring, mainiacjoe_overflow_alcove_1,
          overflow_temple_1_default, minmay_temple_entry_slanted, serial_shops,
          nicolae_shop_tiny_statue_garden, dilly_guarded_unrand_devastator,
          uniq_robin
D:5:      layout_basic, minmay_door_square, uniq_pikel
D:6:      layout_loops_ring, lightli_minifort
D:7:      layout_basic, nicolae_ru_path_of_blood, demons_altar
D:8:      layout_cave_pools, enter_bailey_3, minmay_misc_feat_tower

Table legend: (Time is in decaauts)
 A = Elapsed time spent in this place.
 B = Non-inter-level travel time spent in this place.
 C = Inter-level travel time spent in this place.
 D = Time resting spent in this place.
 E = Time spent auto-exploring this place.
 F = Levels seen in this place.
 G = Mean time per level.
                   A        B        C        D        E       F      G
               +--------+--------+--------+--------+--------+-----+--------+
         Total |   6909 |   6724 |    185 |    178 |   5460 |   8 |  863.6 |
       Dungeon |   6909 |   6724 |    185 |    178 |   5460 |   8 |  863.6 |
               +--------+--------+--------+--------+--------+-----+--------+

Top non-repeatable levels by time:
     D:3: 1368 daAuts
     D:4: 1366 daAuts
     D:7: 1051 daAuts
     D:6: 891 daAuts
     D:5: 818 daAuts
     D:2: 704 daAuts
     D:1: 690 daAuts
     D:8: 18 daAuts

Table legend:
 A = Kills in this place as a percentage of kills in the entire game.
 B = Kills by you in this place as a percentage of kills by you in the entire game.
 C = Kills by friends in this place as a percentage of kills by friends in the entire game.
 D = Other kills in this place as a percentage of other kills in the entire game.
 E = Experience gained in this place as a percentage of experience gained in the entire game.
 F = Experience gained in this place divided by the number of levels of this place that you have seen.
                   A       B       C       D       E      F
               +-------+-------+-------+-------+-------+----------------------
         Total | 100.0 | 100.0 |   N/A |   N/A | 100.0 | 540.8
       Dungeon | 100.0 | 100.0 |   N/A |   N/A | 100.0 | 540.8
               +-------+-------+-------+-------+-------+----------------------
